 Dungeon Crawl Stone Soup version 0.32-a0-468-g38b2580584 (webtiles) character file.

Game seed: 15557233500886313184

52 ezpacito the Trooper (level 3, -4/29 HPs)
             Began as a Demonspawn Chaos Knight on Feb 24, 2024.
             Was a Plaything of Xom.
             Slain by a goblin
             ... wielding a +0 dagger
             ... led by Robin
              (5 damage)
             ... on level 2 of the Dungeon.
             The game lasted 00:01:57 (1093 turns).

ezpacito the Trooper (Demonspawn Chaos Knight)      Turns: 1093, Time: 00:01:58

Health: -4/29      AC:  6    Str: 14      XL:     3   Next: 60%
Magic:  3/3        EV: 11    Int: 12      God:    Xom [*.....]
Gold:   37         SH:  3    Dex:  7 (12) Spells: 2/2 levels left

rFire   . . .        a - +0 hand axe (chaos)
rCold   . . .        d - +0 buckler
rNeg    . . .        b - +2 leather armour
rPois   .            (helmet restricted)
rElec   .            (no cloak)
rCorr   .            j - +0 pair of gloves
SInv    .            (no boots)
Will    .....        (no amulet)
Stlth   +            (no ring)
HPRegen 0.24/turn    (no ring)
MPRegen 0.08/turn

%: no passive effects
@: brilliant, hasted, very quick
A: horns 1, sturdy frame 1
a: Renounce Religion


You were on level 2 of the Dungeon.
You worshipped Xom.
You were a special plaything of Xom.
You visited 1 branch of the dungeon, and saw 2 of its levels.

You collected 37 gold pieces.

Inventory:

Hand Weapons
 a - a +0 hand axe of chaos (weapon)
Armour
 b - a +2 leather armour (worn)
 d - a +0 buckler (worn)
 j - a +0 pair of gloves (worn)
Magical Staves
 h - a staff of earth
Scrolls
 f - a scroll of identify
 i - a scroll of fear {unknown}
 k - a scroll of revelation


   Skills:
 * Level 3.2 Fighting
 * Level 3.0 Axes
 * Level 2.1 Armour
 * Level 1.9 Dodging
 + Level 0.5 Stealth
 * Level 0.6 Unarmed Combat
 + Level 0.3 Spellcasting
 + Level 0.2 Evocations


You had 2 spell levels left.
You didn't know any spells.
Your spell library was empty.

Dungeon Overview and Level Annotations

Branches:
Dungeon (2/15)

Altars:

Shops:
D:1 !

Annotations:
D:2 Robin


Innate Abilities, Weirdness & Mutations

You have a pair of small horns on your head.
Your movements are slightly less encumbered by armour. (ER -2)


Message History

The goblin closely misses you.
The goblin hits your butterfly with a +0 club!
Your butterfly dies!
Your butterfly disappears in a burst of colours!
The goblin hits you but does no damage. The goblin hits you with a +0 dagger.
* * * LOW HITPOINT WARNING * * *
You feel yourself speed up.
You kill the adder!
Robin completely misses your butterfly.
The hobgoblin completely misses your butterfly. x2
The goblin hits your butterfly with a +0 club.
Your butterfly dies!
Your butterfly disappears in a burst of colours!
The goblin misses your butterfly.
The goblin hits your butterfly with a +0 club.
Your butterfly dies!
Your butterfly disappears in a burst of colours!
The goblin hits you with a +0 dagger.
* * * LOW HITPOINT WARNING * * *
The goblin barely misses you. The goblin hits you but does no damage.
You feel your dexterity returning.
Your Axes skill increases to level 3!
As you read the scroll labelled JETTOMIFRY, it crumbles to dust.
Your body is wracked with pain!
* * * LOW HITPOINT WARNING * * *
The goblin convulses! x2; Robin convulses!
The goblin convulses! x3
The hobgoblin convulses!
The goblin convulses! x2; The hobgoblin convulses!
The goblin convulses!
It was a scroll of torment.
The goblin hits your butterfly with a +0 dagger.
Your butterfly dies!
Your butterfly disappears in a burst of colours!
The goblin closely misses your butterfly.
As you read the scroll labelled ZOUSOJ PESOTYIPN, it crumbles to dust.
It is a scroll of identify.
k - a scroll of revelation The goblin closely misses your butterfly.
The goblin barely misses you. The goblin hits you with a +0 club.
* * * LOW HITPOINT WARNING * * *
The goblin hits you with a +0 dagger.
You die...

#############.#
#.# #.# #.# #b#
. #b# ...
#b####....
#g#gg.....
#g@gggg...
###bggbb..
.b.bb.. bb.b.[.
bg.g... .######
b# .#


You could see Robin, 2 hobgoblins and 9 goblins.

Vanquished Creatures
  An adder (D:2)
  A ribbon worm (D:2)
  A ball python (D:1)
  4 bats
  4 endoplasms (D:1)
  2 giant cockroaches (D:1)
  3 goblins
  6 hobgoblins
  3 jackals
  3 kobolds (D:2)
  5 frilled lizards (D:1)
  5 rats (D:1)
38 creatures vanquished.

Vanquished Creatures (others)
  A hobgoblin zombie (D:1)
1 creature vanquished.

Grand Total: 39 creatures vanquished

Notes
Turn   | Place    | Note
-------+----------+-------------------------------------------
     0 | D:1      | ezpacito the Demonspawn Chaos Knight began the quest for
                  | the Orb.
     0 | D:1      | Reached XP level 1. HP: 18/18 MP: 1/1
    33 | D:1      | Found Qatuitt's Distillery.
   173 | D:1      | Reached skill level 1 in Dodging
   239 | D:1      | Gained mutation: You have a pair of small horns on your
                  | head. [demonic ancestry]
   239 | D:1      | Reached XP level 2. HP: 24/24 MP: 2/2
   265 | D:1      | Found a faded altar of an unknown god.
   265 | D:1      | XOM: 11-stop teleportation journey
   286 | D:1      | XOM: noise
   706 | D:1      | XOM: summons 2 hostile demons
   734 | D:1      | XOM: smoke on damage
   894 | D:2      | Gained mutation: Your movements are slightly less
                  | encumbered by armour. (ER -2) [demonic ancestry]
   894 | D:2      | Reached XP level 3. HP: 29/29 MP: 3/3
   908 | D:2      | XOM: cloud trail
  1084 | D:2      | Noticed Robin
  1093 | D:2      | HP: 1/29 [goblin/+0 club[Robin] (3)]
  1093 | D:2      | Slain by a goblin

Illustrated notes

Levels and vault maps discovered:
D:1:      lightli_arrival_isolated_outpost, layout_loops_ring,
          hellmonk_ecumenical_altar_run_dry, serial_shops, shop,
          minmay_tetromino_l4
D:2:      layout_basic, uniq_robin

Skill      XL: |  1  2  3 |
---------------+----------+-----
Dodging        | 1 |  1.9
Armour         | 2 |  2.1
Axes           | 3 |  3.0
Fighting       | |  3.2
Stealth        | |  0.5
Unarmed Combat | |  0.6
Spellcasting   | |  0.3
Evocations     | |  0.2

Action                     || total
---------------------------++-------
  Melee: Hand axe          ||   128
         Headbutt          ||    10
    Use: Potion            ||     4
         Scroll            ||     3
   Stab: Sleeping          ||     1
         Confused          ||     2
         Paralysed         ||     1
 Armour: Leather armour    ||   129
  Dodge: Dodged            ||   113
  Block: Buckler           ||    23

Table legend: (Time is in decaauts)
 A = Elapsed time spent in this place.
 B = Non-inter-level travel time spent in this place.
 C = Inter-level travel time spent in this place.
 D = Time resting spent in this place.
 E = Time spent auto-exploring this place.
 F = Levels seen in this place.
 G = Mean time per level.
                   A        B        C        D        E       F      G
               +--------+--------+--------+--------+--------+-----+--------+
         Total |   1108 |   1076 |     32 |     49 |    731 |   2 |  554.0 |
       Dungeon |   1108 |   1076 |     32 |     49 |    731 |   2 |  554.0 |
               +--------+--------+--------+--------+--------+-----+--------+

Top non-repeatable levels by time:
     D:1: 783 daAuts
     D:2: 325 daAuts
